 Dungeon Crawl Stone Soup version 0.23.2-1-ga50397a6bc (webtiles) character file.

Game seed: 5580175473969394013

6503 Peloso the Carver (level 10, 0/90 HPs)
             Began as a Minotaur Fighter on May 16, 2019.
             Was a High Priest of Okawaru.
             Slain by a gargoyle
             ... wielding a +2 morningstar of distortion
              (21 damage)
             ... on level 10 of the Dungeon.
             The game lasted 00:21:31 (8511 turns).

Peloso the Carver (Minotaur Fighter)                Turns: 8511, Time: 00:21:31

Health: 0/90       AC: 20    Str: 23    XL:     10   Next: 69%
Magic:  9/9        EV:  7    Int:  5    God:    Okawaru [*****.]
Gold:   514        SH: 12    Dex: 11    Spells: 9/9 levels left

rFire    x . .     SeeInvis .   a - +4 scimitar (flame)
rCold    + + .     Gourm    .   c - +0 shield
rNeg     + + .     Faith    +   B - +0 plate armour
rPois    .         Spirit   .   (helmet restricted)
rElec    +         Reflect  .   y - -2 cloak (curse)
rCorr    .         Harm     .   C - +2 pair of gloves of the Evil One {rElec rC+}
MR       .....                  A - +1 pair of boots of the Elephant {rElec rN++}
Stlth    ..........             r - amulet of faith
HPRegen  0.25/turn              D - ring of attention (curse)
MPRegen  0.11/turn              o - ring of ice

@: no status effects
A: retaliatory headbutt, horns 2
a: Heroism, Finesse, Renounce Religion


You were on level 10 of the Dungeon.
You worshipped Okawaru.
Okawaru was extremely pleased with you.
You were not hungry.

You visited 2 branches of the dungeon, and saw 11 of its levels.

You collected 514 gold pieces.

Inventory:

Hand Weapons
 a - a +4 scimitar of flaming (weapon)
 e - the +3 quarterstaff of the Saviour {flame, +Inv rN+ Str-4 Stlth+}
   (You found it on level 9 of the Dungeon)

   It has been specially enchanted to burn those struck by it, causing extra
   injury to most foes and up to half again as much damage against particularly
   susceptible opponents.
   It affects your strength (-4).
   It protects you from negative energy.
   It lets you turn invisible.
   It makes you more stealthy.
 t - a +0 scimitar of electrocution
Armour
 c - a +0 shield (worn)
 y - a cursed -2 cloak (worn)
 A - the +1 pair of boots of the Elephant (worn) {rElec rN++}
   (You found it on level 7 of the Dungeon)

   It insulates you from electricity.
   It greatly protects you from negative energy.
 B - a +0 plate armour (worn)
 C - the +2 pair of gloves of the Evil One (worn) {rElec rC+}
   (You found it on level 7 of the Dungeon)

   It protects you from cold.
   It insulates you from electricity.
 K - a +2 scale mail of fire resistance
Jewellery
 k - an uncursed ring of magical power
 o - a ring of ice (right hand)
 r - an amulet of faith (around neck)
 D - a cursed ring of attention (left hand)
Wands
 d - a wand of enslavement (24)
 u - a wand of random effects (19)
 z - a wand of acid (18)
 E - a wand of polymorph (11)
 F - a wand of disintegration (5)
 G - a wand of scattershot (7)
Scrolls
 g - 3 scrolls of teleportation
 l - 2 scrolls of amnesia
 m - 3 scrolls of enchant armour
 n - 3 scrolls of magic mapping
 w - a scroll of identify
 x - 3 scrolls of remove curse
 H - a scroll of blinking {unknown}
Potions
 b - a potion of cancellation {unknown}
 h - 4 potions of heal wounds
 i - a potion of mutation
 j - 2 potions of lignification {unknown}
 p - a potion of brilliance {unknown}
 q - 3 potions of curing {unknown}
 s - 3 potions of flight {unknown}
 v - a potion of magic {unknown}
 I - a potion of haste
Comestibles
 f - 11 rations
 J - a chunk of flesh


   Skills:
 + Level 8.4 Fighting
 + Level 11.5 Long Blades
 + Level 10.2 Armour
 + Level 2.6 Dodging
 + Level 0.5 Stealth
 + Level 10.2 Shields
 + Level 0.1 Invocations


You had 9 spell levels left.
You didn't know any spells.
Your spell library contained the following spells:

 Spells                   Type           Power        Failure   Level  Hunger
 Animate Skeleton         Necr           N/A          100%        1    ##.....
 Apportation              Tloc           #.....       100%        1    ##.....
 Confusing Touch          Hex            #.....       100%        1    ##.....
 Summon Small Mammal      Summ           #...         100%        1    ##.....


Dungeon Overview and Level Annotations

Branches:
Dungeon (10/15)            Temple (1/1) D:4
   Lair: D:8-11         Orc: D:9-12

Altars:
Ashenzari
Cheibriados
Dithmenos
Elyvilon
Fedhas
Gozag
Hepliaklqana
Kikubaaqudgha
Makhleb
Nemelex Xobeh
Okawaru
Qazlal
Ru
Sif Muna
Trog
Uskayaw
Vehumet
Wu Jian
Xom
Yredelemnul
Zin
The Shining One

Shops:
D:7 [


Innate Abilities, Weirdness & Mutations

You reflexively headbutt those who attack you in melee.
You have a pair of horns on your head.


Message History

You kill the orc!
Okawaru accepts your kill.
The gargoyle hurls a stone arrow at you.
The stone arrow hits you but does no damage.
Things that are here:
a +0 war axe; a +0 leather armour; an orc corpse
Things that are here:
a +0 war axe; a +0 leather armour; an orc corpse You slash the hobgoblin!
You burn the hobgoblin.
You kill the hobgoblin!
Okawaru accepts your kill.
The gargoyle hits you but does no damage.
Space warps horribly around you!!
* * * LOW HITPOINT WARNING * * *
You see here a hobgoblin corpse.
You hit the gargoyle. You burn the gargoyle.
The gargoyle is moderately damaged.
The gargoyle hits you but does no damage.
Space warps horribly around you!!
You die...

#.#.#...................
#.#.#.#..[[..........##.
#.#)# #.####..######.##.
#.#.# #.# #..######.##.
#.#)#.#.# ##)........†..
#.#)#.#.###..#######....
#..g.....##.#### #####
###..##9###.)#.###
#..##@# ##..#..#
###..o.)####....#
#........##...#..#
#.##....#####...#.#
#.##.# .##...# #.##.# ..
#.# .....# .#. . .. ..#
.## .. ..# .#


You could see an orc warrior and a gargoyle.

Vanquished Creatures
  Erica (D:9)
  Pikel (D:4)
  Maurice (D:9)
  Joseph (D:8)
  A gargoyle (D:10)
  Grinder (D:4)
  A steam dragon (D:9)
  A hungry ghost (D:10)
  Duvessa (D:4)
  2 slaves (D:4)
  3 orc warriors
  2 sky beasts
  A black bear (D:6)
  3 ice beasts
  5 centaurs
  3 phantoms
  2 ogres
  A big kobold (D:9)
  9 bullfrogs
  A gnoll sergeant (D:10)
  Dowan (D:4)
  A wyvern skeleton (D:8)
  A scorpion (D:9)
  3 howler monkeys
  3 crimson imps
  3 bullfrog zombies (D:7)
  A quasit (D:7)
  4 hounds
  5 orc priests
  A bullfrog skeleton (D:5)
  2 jellies
  An iguana (D:8)
  Ijyb (D:3)
  4 orc wizards
  8 worker ants
  2 hound zombies
  A hound skeleton (D:8)
  8 gnolls
  9 adders
  A shadow imp (D:5)
  An adder zombie (D:6)
  6 worms
  5 leopard geckos
  30 orcs
  3 ball pythons
  2 giant cockroaches
  9 goblins
  10 hobgoblins
  9 jackals
  3 quokkas
  3 bats
  7 frilled lizards
  3 jackal skeletons
  7 kobolds
  2 quokka skeletons
  A quokka zombie (D:5)
  11 rats
213 creatures vanquished.

Vanquished Creatures (others)
  A quokka skeleton (D:4)
1 creature vanquished.

Grand Total: 214 creatures vanquished

Notes
Turn   | Place    | Note
-------+----------+-------------------------------------------
     0 | D:1      | Peloso the Minotaur Fighter began the quest for the Orb.
     0 | D:1      | Reached XP level 1. HP: 19/19 MP: 0/0
   246 | D:1      | You fall through a shaft!
   426 | D:1      | Reached XP level 2. HP: 27/27 MP: 1/1
   794 | D:2      | Reached skill level 3 in Long Blades
   794 | D:2      | Reached XP level 3. HP: 28/34 MP: 2/2
  1003 | D:2      | Reached XP level 4. HP: 41/41 MP: 3/3
  1794 | D:2      | Reached skill level 4 in Long Blades
  1959 | D:3      | Reached XP level 5. HP: 25/47 MP: 4/4
  2117 | D:3      | Noticed Ijyb
  2150 | D:3      | Killed Ijyb
  2274 | D:3      | Found a hazy altar of Hepliaklqana.
  2275 | D:3      | Found a snail-covered altar of Cheibriados.
  2275 | D:3      | Found a sacrificial altar of Ru.
  2275 | D:3      | Found a blossoming altar of Fedhas.
  2279 | D:3      | Found a deep blue altar of Sif Muna.
  2429 | D:4      | Noticed a slave
  2429 | D:4      | Noticed a slave
  2457 | D:4      | Killed a slave
  2598 | D:4      | Killed a slave
  2604 | D:4      | Noticed a slave
  2605 | D:4      | Noticed a slave
  2608 | D:4      | Noticed Pikel
  2619 | D:4      | Noticed Grinder
  2622 | D:4      | Killed Pikel
  2622 | D:4      | Reached skill level 5 in Fighting
  2622 | D:4      | Reached skill level 5 in Long Blades
  2622 | D:4      | Reached skill level 1 in Dodging
  2622 | D:4      | Reached skill level 5 in Shields
  2622 | D:4      | Reached XP level 6. HP: 29/56 MP: 5/5
  2622 | D:4      | Reached XP level 7. HP: 32/61 MP: 6/6
  2622 | D:4      | Paralysed by Grinder for 3 turns
  2625 | D:4      | Found a radiant altar of Vehumet.
  2631 | D:4      | Killed Grinder
  2905 | D:4      | Noticed Duvessa
  2905 | D:4      | Noticed Dowan
  2933 | D:4      | Killed Duvessa
  2933 | D:4      | Reached skill level 6 in Long Blades
  2973 | D:4      | Killed Dowan
  2973 | D:4      | Reached XP level 8. HP: 37/70 MP: 7/7
  2995 | D:4      | Found a shattered altar of Ashenzari.
  3071 | D:4      | You fall through a shaft for 3 floors!
  3121 | D:7      | Found Peesot's Armour Emporium.
  3626 | D:5      | Entered Level 5 of the Dungeon
  4093 | D:4      | Found a staircase to the Ecumenical Temple.
  4103 | Temple   | Entered the Ecumenical Temple
  4108 | Temple   | Became a worshipper of Warmaster Okawaru
  4267 | D:5      | Reached skill level 7 in Long Blades
  4404 | D:5      | Reached * piety under Okawaru
  4773 | D:5      | Found a basalt altar of Yredelemnul.
  4774 | D:5      | Found a shimmering altar of Xom.
  4821 | D:5      | Found a shadowy altar of Dithmenos.
  5121 | D:6      | Reached XP level 9. HP: 78/78 MP: 8/8
  5480 | D:7      | Got a pair of faintly humming boots
  5486 | D:7      | Identified the +1 pair of boots of the Elephant {rElec
                  | rN++} (You found it on level 7 of the Dungeon)
  5555 | D:7      | Reached skill level 8 in Long Blades
  5731 | D:7      | Reached ** piety under Okawaru
  5908 | D:7      | Reached skill level 9 in Long Blades
  5983 | D:7      | Got a pair of faintly humming gloves
  5989 | D:7      | Identified the +2 pair of gloves of the Evil One {rElec
                  | rC+} (You found it on level 7 of the Dungeon)
  6152 | D:7      | Noticed a moth of wrath
  6155 | D:7      | Found a bloodstained altar of Trog.
  6508 | D:8      | Noticed Joseph
  6522 | D:8      | Killed Joseph
  6522 | D:8      | Reached *** piety under Okawaru
  6790 | D:8      | Found a burning altar of Makhleb.
  7544 | D:9      | Reached skill level 10 in Long Blades
  7551 | D:9      | Reached **** piety under Okawaru
  7557 | D:9      | Reached XP level 10. HP: 62/88 MP: 9/9
  7568 | D:9      | Got a shimmering quarterstaff
  7633 | D:9      | Identified the +3 quarterstaff of the Saviour {flame, +Inv
                  | rN+ Str-4 Stlth+} (You found it on level 9 of the Dungeon)
  7649 | D:9      | Noticed Maurice
  7725 | D:9      | Killed Maurice
  8103 | D:9      | Noticed Erica
  8115 | D:9      | Killed Erica
  8115 | D:9      | Reached ***** piety under Okawaru
  8144 | D:9      | Reached skill level 10 in Armour
  8204 | D:10     | Entered Level 10 of the Dungeon
  8323 | D:10     | Reached skill level 10 in Shields
  8346 | D:10     | Noticed a gargoyle
  8364 | D:10     | Killed a gargoyle
  8364 | D:10     | Reached skill level 11 in Long Blades
  8448 | D:10     | Noticed a gargoyle
  8511 | D:10     | Slain by a gargoyle

Skill      XL: |  1  2  3  4  5  6  7  8  9 10 |
---------------+-------------------------------+-----
Fighting       | 4 5 6 7 8 |  8.4
Armour         | 4 6 7 8 9 10 | 10.2
Long Blades    | 3 4 5 6 7 10 11 | 11.5
Shields        | 4 5 6 7 8 10 | 10.2
Dodging        | 1 2 |  2.6
Stealth        | |  0.5
Invocations    | |  0.1

Action                   |  1- 3 |  4- 6 |  7- 9 | 10-12 || total
-------------------------+-------+-------+-------+-------++-------
Melee: Long sword        |    70 |   127 |     5 |       ||   202
       Headbutt          |    10 |    25 |    76 |    21 ||   132
       Falchion          |       |       |   133 |       ||   133
       Scimitar          |       |       |   238 |   132 ||   370
Invok: Heroism           |       |       |       |     1 ||     1
  Use: Potion            |       |     1 |     2 |       ||     3
       Scroll            |       |       |    10 |       ||    10
  Eat: Chunk             |       |     6 |    16 |     3 ||    25
Armor: Chain mail        |    45 |    68 |   165 |       ||   278
       Plate armour      |       |       |    42 |    47 ||    89
Dodge: Dodged            |    23 |    35 |    81 |    34 ||   173
Block: Shield            |    50 |    71 |   219 |    70 ||   410
       Rpst.: Long sword |     5 |    13 |     1 |       ||    19
       Scimitar          |       |       |    16 |     4 ||    20
       Falchion          |       |       |     6 |       ||     6
